 Dungeon Sprint DCSS version 0.29-a0-364-g921d912d32 (webtiles) character file.

Game seed: 15389891127751970754

2968 mhtbhm the Severer (level 9, -4/138 HPs)
             Began as a Red Draconian Berserker on Apr 30, 2022.
             Was the Champion of Trog.
             Succumbed to a nagaraja's poison arrow
             ... in the Dungeon (Sprint VII: "The Pits").
             The game lasted 00:01:56 (1230 turns).

mhtbhm the Severer (Red Draconian Berserker)        Turns: 1230, Time: 00:01:57

Health: -4/138     AC: 11    Str: 24    XL:     9   Next: 52%
Magic:  9/9        EV: 13    Int:  8    God:    Trog [******]
Gold:   0          SH:  0    Dex: 13    Spells: 8/8 levels left

rFire   + . .      SeeInvis .   a - +1 battleaxe (flame)
rCold   . . .      Faith    .   (shield currently unavailable)
rNeg    . . .      Spirit   .   (body armour unavailable)
rPois   .          Reflect  .   (helmet restricted)
rElec   .          Harm     .   (no cloak)
rCorr   .          Rampage  .   (no gloves)
Will    .....      NoTele   +   o - +0 pair of boots
Stlth   ..........              (no amulet)
HPRegen 0.33/turn               k - +3 ring of dexterity
MPRegen 0.11/turn               m - +3 ring of protection

@: berserking (expiring), lethally poisoned (-4 -> -52), untranslocatable,
constricted, very quick
A: breathe fire, AC +7, unfitting armour, fire resistance 1, cold-blooded
a: Breathe Fire, Renounce Religion, Berserk, Trog's Hand, Brothers in Arms


You were in the Dungeon.
You worshipped Trog.
Trog was exalted by your worship.
You visited 1 branch

Inventory:

Hand Weapons
 a - a +1 battleaxe of flaming (weapon)
 j - the +2 war axe "Varevar" {flame, *Corrode rElec rN++ Will+ SInv}
   (Trog gifted it to you in the Dungeon)

   It burns those it strikes, dealing additional fire damage.
   Big, fiery blades are also staple armaments of hydra-hunters.
   rElec:     It insulates you from electricity.
   rN:        It greatly protects you from negative energy.
   SInv:      It lets you see invisible.
   *Corrode:  It may corrode you when you take damage.
   Will:      It increases your willpower.
Armour
 o - a +0 pair of boots (worn)
Jewellery
 k - a +3 ring of dexterity (left hand)
 m - a +3 ring of protection (right hand)
Scrolls
 g - a scroll of blinking
 i - a scroll of summoning
Potions
 b - 5 potions of curing
 c - 10 potions of heal wounds
 d - 2 potions of haste
 e - 4 potions of magic
 f - 3 potions of berserk rage
 h - 2 potions of invisibility
 l - a potion of resistance
 n - 5 potions of mutation


   Skills:
 + Level 12.8 Fighting
 + Level 15.8 Axes
 + Level 9.7 Dodging
 + Level 3.9 Stealth


You had 8 spell levels left.
You didn't know any spells.
Your spell library was empty.

Dungeon Overview and Level Annotations

Branches:
Dungeon (1/1)

Altars:
Cheibriados
Dithmenos
Elyvilon
Fedhas
Gozag
Hepliaklqana
Makhleb
Nemelex Xobeh
Okawaru
Qazlal
Ru
Sif Muna
Trog
Wu Jian
Xom
Yredelemnul
Zin
The Shining One
Jiyva


Innate Abilities, Weirdness & Mutations

You can breathe blasts of fire.
Your fiery red scales are hard. (AC +7)
You cannot fit into any form of body armour.
Your flesh is heat resistant. (rF+)
You are cold-blooded and may be slowed by cold attacks.


Message History

You barely miss the demonic crawler. The nagaraja completely misses you.
The nagaraja constricts you. The demonic crawler closely misses you.
The demonic crawler misses you.
The demonic crawler completely misses you.
An eight-headed hydra comes into view.
You barely miss the nagaraja.
The eight-headed hydra roars!
Your tail-slap misses the nagaraja.
The nagaraja is moderately wounded.
You slash the demonic crawler! You burn the demonic crawler.
The nagaraja hits you with a +0 club! The nagaraja constricts you.
The demonic crawler shrieks in warning!
You closely miss the nagaraja.
The nagaraja is moderately wounded.
You slash the demonic crawler!
You kill the demonic crawler!
Trog accepts your kill. The nagaraja hits you with a +0 club!!
The nagaraja constricts you.
Unknown command.
You closely miss the nagaraja.
The nagaraja is moderately wounded.
The nagaraja casts a spell at you. The bolt of poison hits you!!
You are poisoned.
The nagaraja constricts you.
Unknown command.
Unknown command.
You slash the nagaraja! You burn the nagaraja.
The nagaraja is moderately wounded.
You feel very sick.
The nagaraja gestures at you while chanting.
The poison arrow hits you!!!
You are lethally poisoned!
* * * LOW HITPOINT WARNING * * *
The nagaraja constricts you.
* * * LOW HITPOINT WARNING * * *
Unknown command.
You slash the nagaraja! You burn the nagaraja.
The nagaraja is heavily wounded.
You die...

#..# #..# #D.#
####### #..#
..##..# #..#
..##..# #..#
..''..# #N†#
..''..##########@.#
..##..)...........#
..##..............#
###################


You could see a nagaraja (fast) and an eight-headed hydra.

Vanquished Creatures
  A sea snake (D)
  A bog body (D)
  A lindwurm (D)
  A deep elf pyromancer (D)
  A demonic crawler (D)
  A hellwing (D)
  A fire bat (D)
  2 scorpions (D)
  A jelly (D)
  A hound (D)
  A gnoll shaman (D)
  An orc priest (D)
  An iron imp (D)
  2 orc wizards (D)
  A mummy (D)
  5 gnolls (D)
  2 river rats (D)
  An adder skeleton (D)
  4 orcs (D)
  A ball python (D)
  A goblin (D)
  3 jackals (D)
  2 kobolds (D)
36 creatures vanquished.

Notes
Turn   | Place    | Note
-------+----------+-------------------------------------------
     0 | D        | mhtbhm the Draconian Berserker began the quest for the Orb.
     0 | D        | Reached XP level 1. HP: 19/19 MP: 1/1
    11 | D        | Noticed a scorpion
    21 | D        | Killed a scorpion
    22 | D        | Reached skill level 5 in Fighting
    22 | D        | Reached skill level 4 in Axes
    22 | D        | Reached XP level 2. HP: 19/30 MP: 2/2
    22 | D        | Reached XP level 3. HP: 23/37 MP: 3/3
    26 | D        | Found a bloodstained altar of Trog.
    26 | D        | Found a shimmering blue altar of Sif Muna.
    26 | D        | Found a viscous altar of Jiyva.
    26 | D        | Found a hazy altar of Hepliaklqana.
    26 | D        | Found an opulent altar of Gozag.
    27 | D        | Found a glowing golden altar of the Shining One.
    27 | D        | Found a glowing silver altar of Zin.
    27 | D        | Found a basalt altar of Yredelemnul.
    27 | D        | Found a shimmering altar of Xom.
    27 | D        | Found an ornate altar of the Wu Jian Council.
    27 | D        | Found a sacrificial altar of Ru.
    27 | D        | Found a stormy altar of Qazlal.
    27 | D        | Found an iron altar of Okawaru.
    27 | D        | Found a sparkling altar of Nemelex Xobeh.
    27 | D        | Found a burning altar of Makhleb.
    27 | D        | Found a blossoming altar of Fedhas.
    27 | D        | Found a white marble altar of Elyvilon.
    27 | D        | Found a shadowy altar of Dithmenos.
    27 | D        | Found a snail-covered altar of Cheibriados.
   188 | D        | Reached skill level 5 in Axes
   264 | D        | Reached ** piety under Trog
   265 | D        | Reached skill level 5 in Dodging
   269 | D        | Reached XP level 4. HP: 29/44 MP: 4/4
   404 | D        | Reached *** piety under Trog
   412 | D        | Reached skill level 6 in Axes
   412 | D        | Reached **** piety under Trog
   455 | D        | Noticed a scorpion
   458 | D        | Noticed a fire bat
   473 | D        | Killed a scorpion
   474 | D        | Reached skill level 7 in Axes
   474 | D        | Reached XP level 5. HP: 51/53 MP: 5/5
   476 | D        | Killed a fire bat
   477 | D        | Reached skill level 8 in Axes
   477 | D        | Reached XP level 6. HP: 44/62 MP: 6/6
   478 | D        | Reached ***** piety under Trog
   479 | D        | Reached skill level 9 in Axes
   481 | D        | Received a gift from Trog
   787 | D        | Noticed a hellwing
   792 | D        | Killed a hellwing
   793 | D        | Reached skill level 10 in Fighting
   793 | D        | Reached skill level 10 in Axes
   793 | D        | Reached skill level 1 in Stealth
   793 | D        | Your scales start taking on a fiery red colour.
   793 | D        | Reached XP level 7. HP: 72/72 MP: 7/7
   793 | D        | Gained mutation: Your flesh is heat resistant. (rF+) [Red
                  | Draconian growth]
   841 | D        | Reached skill level 11 in Axes
   873 | D        | Noticed a bog body
   878 | D        | Received a gift from Trog
   880 | D        | Killed a bog body
   881 | D        | Reached skill level 12 in Axes
   881 | D        | Reached XP level 8. HP: 82/82 MP: 8/8
   884 | D        | Identified the +2 war axe "Varevar" {flame, *Corrode rElec
                  | rN++ Will+ SInv} (Trog gifted it to you in the Dungeon)
   884 | D        | Received a gift from Trog
  1011 | D        | Noticed a lindwurm
  1012 | D        | Noticed a deep elf pyromancer
  1020 | D        | Killed a lindwurm
  1021 | D        | Reached skill level 13 in Axes
  1037 | D        | Killed a deep elf pyromancer
  1038 | D        | Reached skill level 14 in Axes
  1038 | D        | Reached XP level 9. HP: 73/90 MP: 9/9
  1214 | D        | Noticed a sea snake
  1214 | D        | Noticed a nagaraja
  1214 | D        | Noticed a demonic crawler
  1221 | D        | Killed a sea snake
  1222 | D        | Reached skill level 15 in Axes
  1225 | D        | Noticed an eight-headed hydra
  1227 | D        | Killed a demonic crawler
  1227 | D        | Reached ****** piety under Trog
  1229 | D        | HP: 4/138 [nagaraja/poison arrow (36)]
  1229 | D        | HP: 1/138 [constriction (3)]
  1230 | D        | Succumbed to a nagaraja's poison arrow

Illustrated notes

Levels and vault maps discovered:
D:        pitsprint [storerooms_1, entrance_room_1, metal_vault_8, armoury_3,
          mini_pit_1, grid_room_1, main_hall_1, silver_pit, the_coven_3,
          the_vestibule_1, steel_vault_3, golden_pit, hallway_of_sentries,
          crystal_vault_5, iron_vault_2, final_vault]

Skill      XL: |  1  2  3  4  5  6  7  8  9 |
---------------+----------------------------+-----
Fighting       | 5 6 7 8 10 11 12 | 12.8
Axes           | 4 5 7 8 10 12 14 15 | 15.8
Dodging        | 4 5 6 7 8 9 |  9.7
Stealth        | 1 2 3 |  3.9

Action                   |  1- 3 |  4- 6 |  7- 9 || total
-------------------------+-------+-------+-------++-------
Melee: Hand axe          |    23 |    39 |       ||    62
       Tailslap          |     6 |     4 |     4 ||    14
       Battleaxe         |       |     5 |    44 ||    49
Invok: Berserk           |     1 |     2 |     2 ||     5
 Abil: Breathe Fire      |       |       |     2 ||     2
  Use: Potion            |       |     1 |       ||     1
 Stab: Sleeping          |       |     1 |       ||     1
Armor: Skin              |     2 |     8 |    10 ||    20
Dodge: Dodged            |    17 |    19 |    35 ||    71

Table legend: (Time is in decaauts)
 A = Elapsed time spent in this place.
 B = Non-inter-level travel time spent in this place.
 C = Inter-level travel time spent in this place.
 D = Time resting spent in this place.
 E = Time spent auto-exploring this place.
 F = Levels seen in this place.
 G = Mean time per level.
                   A        B        C        D        E       F      G
               +--------+--------+--------+--------+--------+-----+--------+
         Total |   1264 |   1264 |      0 |    859 |     21 |   1 | 1264.0 |
       Dungeon |   1264 |   1264 |      0 |    859 |     21 |   1 | 1264.0 |
               +--------+--------+--------+--------+--------+-----+--------+

Top non-repeatable levels by time:
       D: 1264 daAuts
